 Dungeon Crawl Stone Soup version 0.17-a0-1646-geb1493d (webtiles) character file.

254 urechis the Magician (level 6, -1/32 HPs)
             Began as a Gargoyle Wizard on Aug 9, 2015.
             Slain by a scorpion (7 damage)
             ... on level 4 of the Dungeon.
             The game lasted 00:07:46 (3284 turns).

urechis the Magician (Gargoyle Wizard)              Turns: 3284, Time: 00:07:46

Health: -1/32      AC:  6    Str: 11    XL:     6   Next: 14%
Magic:  6/13       EV: 11    Int: 20    God:
Gold:   132        SH:  0    Dex:  8    Spells: 6 memorised, 1 level left

rFire  . . .     SeeInvis .     k - +1 dagger (freeze)
rCold  . . .     Clarity  .     a - +0 robe
rNeg   + . .     SustAt   .     (no shield)
rPois  ∞         Gourm    .     b - +0 hat
rElec  +         Spirit   .     (no cloak)
rCorr  +         Warding  .     (no gloves)
rMut   .         Stasis   .     (no boots)
MR     +....                    s - amulet of resist corrosion
Stlth  ++........               (no ring)
                                i - ring of protection from magic

@: somewhat resistant to hostile enchantments, unstealthy
A: negative energy resistance 1, electricity resistance, unbreathing,
petrification resistance, rot immunity, AC +4
a: no special abilities


You were on level 4 of the Dungeon.
You were not hungry.

You visited 1 branch of the dungeon, and saw 4 of its levels.

You collected 132 gold pieces.

Inventory:

Hand weapons
 k - a +1 dagger of freezing (weapon)
Armour
 a - a +0 robe (worn)
 b - a +0 hat (worn)
Jewellery
 i - a ring of protection from magic (left hand)
 s - an amulet of resist corrosion (around neck)
Magical devices
 f - a wand of enslavement (11)
 t - a wand of fire (9)
Scrolls
 j - a scroll of fear
 l - a scroll of blinking {unknown}
 m - a scroll of recharging
 n - 2 scrolls of teleportation
 q - a scroll of enchant armour {unknown}
Potions
 e - a potion of magic {unknown}
 o - 2 potions of beneficial mutation {unknown}
 p - 2 potions of curing {unknown}
 r - a potion of mutation {unknown}
 v - 2 potions of berserk rage {unknown}
Books
 c - a book of Minor Magic

   Spells                             Type                      Level
   a - Magic Dart                     Conjuration                  1
   b - Blink                          Translocation                2
   c - Call Imp                       Summoning                    2
   d - Repel Missiles                 Charms/Air                   2
   e - Slow                           Hexes                        2
   f - Conjure Flame                  Conjuration/Fire             3
   g - Mephitic Cloud                 Conjuration/Poison/Air       3
Comestibles
 d - 5 bread rations
 h - 4 fruits
 u - a beef jerky


   Skills:
 - Level 1.5 Dodging
 - Level 2.1 Stealth
 + Level 4.9 Spellcasting
 + Level 4.4 Conjurations
 - Level 0.8 Summonings
 - Level 0.8 Translocations


You had one spell level left.
You knew the following spells:

 Your Spells              Type           Power        Failure   Level  Hunger
a - Magic Dart            Conj           ###.         1%          1    None
b - Blink                 Tloc           N/A          14%         2    #......
c - Mephitic Cloud        Conj/Pois/Air  ##......     21%         3    ##.....
d - Call Imp              Summ           #.......     14%         2    #......
e - Conjure Flame         Conj/Fire      ##......     17%         3    ##.....
f - Repel Missiles        Chrm/Air       #.....       21%         2    #......


Dungeon Overview and Level Annotations

Branches:
Dungeon (4/15)
 Temple: D:4-7

Altars:
Dithmenos
Kikubaaqudgha
Makhleb
Okawaru
Qazlal
Yredelemnul

Shops:
D:4 (


Innate Abilities, Weirdness & Mutations

You are resistant to torment.
Your stone body is resilient (AC +4).
You are immune to poison.
You resist negative energy.
You are resistant to electric shocks.
You can survive without breathing.
You are immune to petrification.
You are immune to rotting.


Message History

The scorpion is severely wounded.
The scorpion stings you but does no damage.
Casting: Magic Dart
Confirm with . or Enter, or press ? or * to list all spells.
Aiming: Magic Dart
Press: ? - help, Shift-Dir - straight line, f/p - scorpion
Aim: a scorpion (severely wounded)
The magic dart hits the scorpion.
The scorpion is severely wounded.
The scorpion stings you.
* * * LOW HITPOINT WARNING * * *
Casting: Magic Dart
Confirm with . or Enter, or press ? or * to list all spells.
Aiming: Magic Dart
Press: ? - help, Shift-Dir - straight line, f/p - scorpion
Aim: a scorpion (severely wounded)
The magic dart hits the scorpion.
The scorpion is severely wounded.
The scorpion stings you!
You die...

.....#....#.......#
.... #....+.......#
##+ ###+##.......#
........###
........# ........#
........#
........###
#+####+#@.#
......s......#
.............#
.............#
..###..###...# .
#.. ...# ... ..#
.... ..#


You could see a scorpion.

Vanquished Creatures
  A phantom (D:4)
  An orc wizard (D:4)
  2 worker ants
  4 adders
  3 oozes
  A worm (D:2)
  4 orcs
  2 ball pythons
  3 giant cockroaches
  9 goblins
  3 hobgoblins
  5 kobolds
  2 quokkas
  8 bats
  5 giant geckos
  A giant gecko skeleton (D:3)
  2 giant newts
  4 jackals
  3 rats
63 creatures vanquished.

Notes
Turn   | Place    | Note
--------------------------------------------------------------
     0 | D:1      | urechis the Gargoyle Wizard began the quest for the Orb.
     0 | D:1      | Reached XP level 1. HP: 10/10 MP: 4/4
   181 | D:1      | Reached XP level 2. HP: 15/15 MP: 1/6
   910 | D:2      | Reached XP level 3. HP: 19/19 MP: 0/8
  1290 | D:2      | Found a burning altar of Makhleb.
  1364 | D:2      | Found a shadowy altar of Dithmenos.
  1509 | D:3      | Found an ancient bone altar of Kikubaaqudgha.
  1509 | D:3      | Found a stormy altar of Qazlal.
  1511 | D:3      | Found a shadowy altar of Dithmenos.
  1512 | D:3      | Found a basalt altar of Yredelemnul.
  1512 | D:3      | Found an iron altar of Okawaru.
  1527 | D:3      | Reached skill level 4 in Spellcasting
  1527 | D:3      | Reached XP level 4. HP: 13/24 MP: 10/10
  2406 | D:4      | Reached XP level 5. HP: 23/28 MP: 3/11
  2527 | D:4      | Found Kuimizep's Antique Weapon Emporium.
  2591 | D:4      | Noticed an ogre
  2863 | D:3      | Learned a level 2 spell: Blink
  2867 | D:3      | Learned a level 3 spell: Mephitic Cloud
  2870 | D:3      | Learned a level 2 spell: Call Imp
  2874 | D:3      | Learned a level 3 spell: Conjure Flame
  2877 | D:3      | Learned a level 2 spell: Repel Missiles
  2955 | D:4      | Noticed a phantom
  3128 | D:4      | Killed a phantom
  3128 | D:4      | Reached XP level 6. HP: 12/32 MP: 0/13
  3284 | D:4      | Slain by a scorpion

Vault maps used:
D:1:      lightli_arrival_flooded_house, fountainhead, hangedman_glass_teeth,
          roderic_roman_lattice
D:2:      lemuel_coloured_pillars_altar, first_bread,
          grunt_dithmenos_smoke_and_mirrors
D:3:      grunt_temple_overflow_open
D:4:      kennysheep_mini_moat, serial_shops, nicolae_shop_window_shopping

Action                   |  1- 3 |  4- 6 || total
-------------------------+-------+-------++-------
Melee: Unarmed           |     1 |       ||     1
       Dagger            |    58 |    77 ||   135
 Cast: Magic Dart        |    56 |    80 ||   136
  Use: Scroll            |     5 |       ||     5
 Stab: Sleeping          |       |     4 ||     4
  Eat: Chunk             |     1 |     4 ||     5
       Royal jelly       |       |     1 ||     1
